 Dungeon Crawl Stone Soup version 0.26.1-11-gd32895ea62 (webtiles) character file.

Game seed: 15082401920697971203

175388 Elvor the Eclecticist (level 18, -6/142 HPs)
             Began as a Gnoll Warper on June 29, 2021.
             Was the Champion of Okawaru.
             Mangled by a shock serpent (12 damage)
             ... on level 3 of the Snake Pit on June 30, 2021.
             The game lasted 05:44:57 (32559 turns).

Elvor the Eclecticist (Gnoll Warper)               Turns: 32559, Time: 05:44:57

Health: -6/142     AC: 23    Str: 28    XL:     18   Next: 9%
Magic:  0/47       EV: 16    Int: 21    God:    Okawaru [******]
Gold:   647        SH: 15    Dex: 17    Spells: 36/47 levels left

rFire    . . .     SeeInvis .   I - +2 Maxwell's thermic engine {flame, freeze}
rCold    + + .     Faith    .   h - +1 kite shield {rN+}
rNeg     + . .     Spirit   +   F - +3 chain mail {Will+}
rPois    +         Reflect  .   H - +3 hat of Pondering {ponderous, Will+ MP+10 Int+5}
rElec    .         Harm     .   r - scarf {rC+ rF+}
rCorr    .         Rampage  .   c - +2 pair of gloves {Str+3}
Will     +++..                  k - +0 pair of boots {Fly}
Stlth    +++.......             J - amulet of guardian spirit
HPRegen  0.33/turn              R - ring of Mistrust {Ice rPois Stlth+}
MPRegen  0.30/turn              Q - +6 ring of strength

@: marked, flying, studying Spellcasting, slow
A: distributed training, fangs 1, strong nose
a: Stop Flying, Renounce Religion, Heroism, Finesse


You were on level 3 of the Snake Pit.
You worshipped Okawaru.
Okawaru was exalted by your worship.
You visited 5 branches of the dungeon, and saw 28 of its levels.
You also visited: Bailey and Gauntlet.

You collected 3265 gold pieces.
You spent 2618 gold pieces at shops.

Inventory:

Hand Weapons
 B - the +4 morningstar of Hubris {venom, Int+3}
   (Okawaru gifted it to you on level 10 of the Dungeon)

   It poisons the flesh of those it strikes.
   It affects your intelligence (+3).
 I - the +2 Maxwell's thermic engine (weapon) {flame, freeze}
   (You found it on level 1 of the Lair of Beasts)

   It has been specially enchanted to burn those struck by it, causing extra
   injury to most foes and up to half again as much damage against particularly
   susceptible opponents.
   Big, fiery blades are also staple armaments of hydra-hunters.
   It has been specially enchanted to freeze those struck by it, causing extra
   injury to most foes and up to half again as much damage against particularly
   susceptible opponents.
Missiles
 i - 54 poisoned darts
 y - 56 boomerangs (quivered)
 A - 2 atropa-tipped darts
 V - 2 curare-tipped darts
Armour
 c - a +2 pair of gloves of strength (worn)
 h - a +1 kite shield of positive energy (worn)
 k - a +0 pair of boots of flying (worn)
 r - a scarf of resistance (worn)
 F - a +3 chain mail of willpower (worn)
 H - the +3 hat of Pondering (worn) {ponderous, Will+ MP+10 Int+5}
   (You bought it in a shop on level 2 of the Orcish Mines)

   It affects your intelligence (+5).
   It affects your willpower, your defense against some magical effects.
   It affects your magic capacity (+10).
 P - the +3 ring mail of Jehaegig {rCorr}
   (Okawaru gifted it to you on level 4 of the Snake Pit)

   It provides partial protection from all sources of acid and corrosion.
 X - the +1 robe of the Stonemason {+Inv Regen+ Slay-4 SInv}
   (You found it on level 4 of the Snake Pit)

   It affects your accuracy and damage with ranged weapons and melee attacks
   (-4).
   It lets you see invisible.
   It lets you turn invisible.
   It increases your rate of regeneration.
Jewellery
 t - an uncursed ring of positive energy
 J - an amulet of guardian spirit (around neck)
 Q - a +6 ring of strength (right hand)
 R - the ring of Mistrust (left hand) {Ice rPois Stlth+}
   (You found it on level 15 of the Dungeon)

   [ring of ice]

   It enhances your ice magic.
   It makes you vulnerable to fire.
   It protects you from cold.
   It protects you from poison.
   It makes you more stealthy.
 S - a +6 ring of intelligence
 T - an uncursed ring of see invisible
Wands
 a - a wand of digging (8)
 e - a wand of iceblast (20)
 q - a wand of paralysis (7)
 u - a wand of polymorph (29)
 E - a wand of flame (14)
 Z - a wand of enslavement (11)
Scrolls
 b - a scroll of enchant weapon
 d - 6 scrolls of blinking
 n - a scroll of holy word
 o - 2 scrolls of identify
 v - 5 scrolls of fog
 w - 4 scrolls of remove curse
 x - 2 scrolls of summoning
 z - 16 scrolls of teleportation
 C - 2 scrolls of fear
 L - 4 scrolls of magic mapping
 W - 6 scrolls of immolation
 Y - 2 scrolls of silence
Potions
 f - 8 potions of might
 g - 3 potions of berserk rage
 j - a potion of mutation
 l - a potion of cancellation
 m - 5 potions of ambrosia
 s - 2 potions of invisibility
 D - 5 potions of lignification
 G - 3 potions of resistance
 M - 2 potions of magic
 N - 5 potions of brilliance
 O - 4 potions of curing
 U - 4 potions of haste
Books
 p - a manual of Spellcasting
Miscellaneous
 K - a box of beasts


   Skills:
 + Level 12.6 Fighting
 + Level 11.9 Short Blades
 + Level 11.9 Long Blades
 + Level 11.9 Axes
 + Level 12.6 Maces & Flails
 + Level 11.9 Polearms
 + Level 11.9 Staves
 + Level 11.9 Slings
 + Level 11.9 Bows
 + Level 11.9 Crossbows
 + Level 12.2 Throwing
 + Level 12.2 Armour
 + Level 12.6 Dodging
 + Level 11.9 Stealth
 + Level 11.9 Shields
 + Level 11.9 Unarmed Combat
 + Level 15.4 Spellcasting
 + Level 10.2 Conjurations
 + Level 10.2 Hexes
 + Level 10.2 Summonings
 + Level 10.2 Necromancy
 + Level 11.4 Translocations
 + Level 10.2 Transmutations
 + Level 10.2 Fire Magic
 + Level 10.2 Ice Magic
 + Level 10.2 Air Magic
 + Level 10.2 Earth Magic
 + Level 10.2 Poison Magic
 + Level 12.9 Invocations
 + Level 11.9 Evocations


You had 36 spell levels left.
You knew the following spells:

 Your Spells              Type           Power        Failure   Level
a - Blink                 Tloc           N/A          1%          2
b - Passage of Golubria   Tloc           N/A          1%          4
c - Magic Dart            Conj           100%         1%          1
d - Mephitic Cloud        Conj/Pois/Air  56%          1%          3
e - Apportation           Tloc           100%         1%          1

Your spell library contained the following spells:

 Spells                   Type           Power        Failure   Level
 Animate Skeleton         Necr           100%         1%          1
 Beastly Appendage        Tmut           100%         1%          1
 Corona                   Hex            62%          1%          1
 Summon Small Mammal      Summ           100%         1%          1
 Call Imp                 Summ           56%          1%          2
 Corpse Rot               Necr/Air       N/A          1%          2
 Slow                     Hex            56%          1%          2
 Sublimation of Blood     Necr           28%          1%          2
 Wereblood                Tmut           56%          1%          2
 Conjure Flame            Conj/Fire      56%          1%          3
 Gell's Gravitas          Tloc           29%          1%          3
 Inner Flame              Hex/Fire       56%          1%          3
 Lesser Beckoning         Tloc           29%          1%          3
 Portal Projectile        Hex/Tloc       100%         1%          3
 Spider Form              Tmut/Pois      28%          1%          3
 Teleport Other           Tloc           59%          1%          3
 Cause Fear               Hex            28%          3%          4
 Dispel Undead            Necr           56%          3%          4
 Ice Form                 Ice/Tmut       73%          3%          4
 Leda's Liquefaction      Hex/Erth       28%          3%          4
 Agony                    Necr           56%          9%          5
 Blade Hands              Tmut           28%          9%          5
 Excruciating Wounds      Necr           28%          9%          5


Dungeon Overview and Level Annotations

Branches:
Dungeon (15/15)            Temple (1/1) D:4            Lair (6/6) D:10
 Shoals (0/4) Lair:3        Snake (4/4) Lair:4        Slime (0/5) Lair:6
    Orc (2/2) D:9             Elf (0/3) Orc:2        Vaults (0/5) D:13
 Depths (0/5) D:15         Bailey (visited)         Gauntlet (visited)

Altars:
Ashenzari
Cheibriados
Dithmenos
Elyvilon
Fedhas
Gozag
Hepliaklqana
Kikubaaqudgha
Makhleb
Nemelex Xobeh
Okawaru
Qazlal
Ru
Sif Muna
Trog
Uskayaw
Vehumet
Wu Jian
Xom
Yredelemnul
Zin
The Shining One
Jiyva

Shops:
D:8 *   D:9 ?   Orc:2 (}[?}?   Snake:1 **(   Snake:4 !*[!}

Annotations:
D:15 1 transporter


Innate Abilities, Weirdness & Mutations

Your experience applies equally to all skills.
You have very sharp teeth.
Your uncanny sense of smell can sniff out nearby items.


Message History

* * * LOW HITPOINT WARNING * * *
The shock serpent shocks you!
* * * LOW HITPOINT WARNING * * *
The naga spits poison at you. The splash of poison misses you.
The splash of poison hits the naga mage.
You block the naga mage's attack. The naga mage misses you.
You fly upwards.
You feel sick.
There is a stone staircase leading down here.
You feel better.
The shock serpent shoots out a bolt of lightning at you!
The bolt of electricity hits you!
* * * LOW HITPOINT WARNING * * *
The bolt of electricity misses you. You block the naga mage's attack.
The naga mage barely misses you.
The mana viper bites you but does no damage.
The shock serpent bites you!
* * * LOW HITPOINT WARNING * * *
The shock serpent shocks you!
You die...

##..# #.........#........
#..# #........##.####...
##.## ###.......#..#..#...
#...###.........#..#..#..<
#...#...#......###.#.##...
#.#[#############.###.#....
#.#......#..#.......#.....#
###.....##.S#.#.....###.###
#.......@S..##...##.....#
#....##..N...#.###.......
#....#.........#.####.#..
#....##......###..)...#..
#<....#....[...#.>....#..
#####.##...............###
#......##.)..[..#...#.##..
#.......#.....)^#####.....
##.....##....(....#.......


You could see a shock serpent, a mana viper and a naga mage (fast).

Vanquished Creatures
  Jorgrun (D:15)
  A nagaraja (Snake:3)
  A frost giant (D:15)
  A fire giant (D:15)
  The ghost of Lityrpha the Archer, a journeyman GnWn of Zin (D:14)
  An orc warlord (Orc:2)
  The ghost of Jaliuk the Eclecticist, a journeyman DECj of Vehumet (D:14)
  The ghost of Qagistoc the Bludgeoner, a journeyman TrHu of Yredelemnul (D:14)
  The ghost of OdinFK the Unseen, a journeyman FeEn of Nemelex Xobeh (Orc:2)
  A minotaur (Gauntlet)
  An ettin (D:15)
  A fire dragon (Lair:6)
  Josephine (D:15)
  4 great orbs of eyes (D:15)
  An ice dragon (D:13)
  4 boulder beetles
  A rakshasa (D:15)
  6 anacondas
  A death knight (D:13)
  7 naga warriors
  4 vault guards (D:15)
  4 centaur warriors
  7 two-headed ogres
  14 hydras
  Erica (D:8)
  9 death yaks
  A tengu warrior (Gauntlet)
  A deep troll shaman (D:15)
  A queen ant (Gauntlet)
  An orc high priest (Orc:2)
  7 naga sharpshooters
  The ghost of Jonaruho the Thaumaturge, a journeyman DECj of Sif Muna (Lair:2)
  6 shock serpents
  5 skeletal warriors
  4 salamander mystics
  2 swamp dragons (Lair:1)
  4 naga ritualists
  2 unseen horrors
  A wizard (D:13)
  2 lindwurms
  2 orc knights
  5 orc sorcerers
  2 deep elf magi (D:15)
  4 manticores
  2 wolf spiders (D:15)
  2 wolf spider zombies (D:15)
  8 ugly things
  12 salamanders
  8 mana vipers
  6 elephants (Lair:3)
  A moth of wrath (Gauntlet)
  8 cyclopes
  A guardian serpent (Snake:2)
  2 molten gargoyles (Lair:6)
  26 black mambas
  12 naga magi
  Psyche (D:11)
  A gargoyle (D:15)
  A rime drake (Lair:2)
  An efreet (D:15)
  11 yaktaurs (D:15)
  16 cane toads
  16 komodo dragons
  3 freezing wraiths (D:13)
  A tengu conjurer (Gauntlet)
  6 hornets
  A merfolk (shapeshifter) (D:15)
  9 trolls
  12 polar bears
  A wolf spider simulacrum (D:15)
  26 blink frogs
  A tyrant leech (Lair:5)
  2 shadows
  6 wraiths
  Sigmund (D:2)
  A centaur simulacrum (D:15)
  15 wyverns
  54 yaks
  7 basilisks
  10 vampire mosquitoes
  2 steam dragons (Lair:6)
  Menkaure (D:7)
  2 swamp worms (Lair:5)
  2 wargs
  34 nagas
  7 soldier ants
  The ghost of ciphuk the Covert, an amateur KoDe (D:4)
  4 acid dragons
  30 water moccasins
  Duvessa (D:6)
  5 hell hounds (Lair:6)
  27 orc warriors
  3 ice beasts
  4 sky beasts
  2 eyes of draining (D:13)
  6 black bears
  A necrophage (D:8)
  14 ogres
  25 wolves
  6 centaurs
  A big kobold (D:8)
  18 bullfrogs
  Dowan (D:6)
  A wyvern skeleton (D:14)
  A wyvern zombie (D:14)
  6 scorpions
  11 wights
  2 electric eels (D:6)
  13 howler monkeys
  7 centaur zombies
  A bullfrog zombie (D:11)
  Crazy Yiuf (D:2)
  5 lava snakes (Lair:6)
  5 jellies
  4 hounds
  32 orc wizards
  21 orc priests
  6 centaur skeletons
  4 iguanas
  5 bullfrog skeletons
  Ijyb (D:3)
  Natasha (thrice) (D:2 D:1)
  12 worker ants
  2 hound zombies
  A hound skeleton (D:5)
  9 gnolls
  12 adders
  2 shadow imps
  4 white imps
  An ufetubus (D:9)
  An ooze (D:3)
  An adder zombie (D:8)
  2 worms
  A dart slug (D:1)
  5 leopard geckos
  89 orcs
  A giant cockroach (D:3)
  8 goblins
  5 hobgoblins
  4 jackals
  16 kobolds
  4 quokkas
  2 ball pythons
  5 bats
  2 frilled lizards
  A leopard gecko skeleton (D:4)
  7 rats
941 creatures vanquished.

Vanquished Creatures (collateral kills)
  2 swamp dragons (Lair:1)
  A cane toad (Lair:1)
3 creatures vanquished.

Vanquished Creatures (others)
  A centaur (D:11)
  55 fungi
  109 plants
  A withered plant (D:14)
166 creatures vanquished.

Grand Total: 1110 creatures vanquished

Notes
Turn   | Place    | Note
-------+----------+-------------------------------------------
     0 | D:1      | Elvor the Gnoll Warper began the quest for the Orb.
     0 | D:1      | Reached XP level 1. HP: 20/20 MP: 6/6
   309 | D:1      | Reached XP level 2. HP: 22/26 MP: 7/7
   312 | D:1      | Learned a level 2 spell: Blink
   737 | D:2      | Found a glowing golden altar of the Shining One.
   808 | D:2      | Reached skill level 5 in Spellcasting
   808 | D:2      | Reached XP level 3. HP: 27/31 MP: 7/9
   818 | D:2      | Reached skill level 1 in Invocations
   935 | D:2      | Reached skill level 1 in Short Blades
   935 | D:2      | Reached skill level 1 in Long Blades
   935 | D:2      | Reached skill level 1 in Axes
   935 | D:2      | Reached skill level 1 in Polearms
   935 | D:2      | Reached skill level 1 in Staves
   935 | D:2      | Reached skill level 1 in Slings
   935 | D:2      | Reached skill level 1 in Bows
   935 | D:2      | Reached skill level 1 in Crossbows
   935 | D:2      | Reached skill level 1 in Stealth
   935 | D:2      | Reached skill level 1 in Shields
   935 | D:2      | Reached skill level 1 in Unarmed Combat
   935 | D:2      | Reached skill level 1 in Evocations
   935 | D:2      | Reached XP level 4. HP: 38/38 MP: 11/11
  1076 | D:2      | Noticed Sigmund
  1282 | D:2      | Learned a level 4 spell: Passage of Golubria
  1316 | D:2      | Found a runed translucent door.
  1317 | D:2      | Noticed Crazy Yiuf
  1333 | D:2      | Killed Crazy Yiuf
  1334 | D:2      | Reached skill level 1 in Conjurations
  1334 | D:2      | Reached skill level 1 in Hexes
  1334 | D:2      | Reached skill level 1 in Summonings
  1334 | D:2      | Reached skill level 1 in Necromancy
  1334 | D:2      | Reached skill level 1 in Transmutations
  1334 | D:2      | Reached skill level 1 in Fire Magic
  1334 | D:2      | Reached skill level 1 in Ice Magic
  1334 | D:2      | Reached skill level 1 in Air Magic
  1334 | D:2      | Reached skill level 1 in Earth Magic
  1334 | D:2      | Reached skill level 1 in Poison Magic
  1473 | D:2      | Noticed Natasha
  1479 | D:2      | Killed Natasha
  1480 | D:2      | Reached XP level 5. HP: 18/43 MP: 12/12
  1766 | D:2      | Noticed Natasha
  1802 | D:1      | Killed Natasha
  2918 | D:3      | Noticed Ijyb
  2930 | D:3      | Killed Ijyb
  2931 | D:3      | Reached XP level 6. HP: 45/50 MP: 13/13
  3087 | D:3      | Reached skill level 5 in Fighting
  3087 | D:3      | Reached skill level 5 in Maces & Flails
  3087 | D:3      | Reached skill level 5 in Dodging
  3666 | D:2      | Killed Sigmund
  3667 | D:2      | Reached XP level 7. HP: 56/56 MP: 15/15
  3784 | D:1      | Noticed Natasha
  3787 | D:1      | Killed Natasha
  4397 | D:4      | Found a staircase to the Ecumenical Temple.
  4410 | Temple   | Entered the Ecumenical Temple
  4669 | D:4      | Noticed ciphuk's ghost (amateur KoDe)
  4674 | D:4      | Found a runed translucent gate.
  4674 | D:4      | Found a runed translucent gate.
  4674 | D:4      | Found a runed translucent gate.
  4744 | D:4      | Killed ciphuk's ghost
  4971 | D:4      | Reached XP level 8. HP: 63/63 MP: 16/16
  5089 | D:5      | Entered Level 5 of the Dungeon
  5334 | D:5      | Learned a level 1 spell: Magic Dart
  5338 | D:5      | Learned a level 3 spell: Mephitic Cloud
  5471 | D:5      | Reached skill level 6 in Spellcasting
  6199 | D:6      | Found a shadowy altar of Dithmenos.
  6201 | D:6      | Found an iron altar of Okawaru.
  6212 | D:6      | Became a worshipper of Warmaster Okawaru
  6773 | D:7      | Noticed Duvessa
  6773 | D:7      | Noticed Dowan
  6788 | D:6      | Killed Duvessa
  6794 | D:6      | Killed Dowan
  6817 | D:7      | Reached XP level 9. HP: 64/69 MP: 18/18
  6888 | D:7      | Reached * piety under Okawaru
  7175 | D:7      | Noticed Menkaure
  7179 | D:7      | Killed Menkaure
  7242 | D:7      | Reached skill level 5 in Throwing
  7242 | D:7      | Reached skill level 5 in Armour
  7867 | D:8      | Found Juihuoca's General Store.
  7878 | D:8      | Bought a potion of degeneration for 13 gold pieces
  7957 | D:8      | Noticed a two-headed ogre
  8011 | D:8      | Killed a two-headed ogre
  8011 | D:8      | Reached ** piety under Okawaru
  8012 | D:8      | Reached skill level 7 in Spellcasting
  8012 | D:8      | Reached skill level 5 in Invocations
  8052 | D:8      | Reached XP level 10. HP: 77/77 MP: 20/20
  8082 | D:8      | Reached *** piety under Okawaru
  8085 | D:8      | Noticed Erica
  8124 | D:8      | Killed Erica
  8125 | D:8      | Reached skill level 5 in Short Blades
  8125 | D:8      | Reached skill level 5 in Long Blades
  8125 | D:8      | Reached skill level 5 in Axes
  8125 | D:8      | Reached skill level 5 in Polearms
  8125 | D:8      | Reached skill level 5 in Staves
  8125 | D:8      | Reached skill level 5 in Slings
  8125 | D:8      | Reached skill level 5 in Bows
  8125 | D:8      | Reached skill level 5 in Crossbows
  8125 | D:8      | Reached skill level 5 in Stealth
  8125 | D:8      | Reached skill level 5 in Shields
  8125 | D:8      | Reached skill level 5 in Unarmed Combat
  8125 | D:8      | Reached skill level 5 in Evocations
  9083 | D:9      | Found a white marble altar of Elyvilon.
  9139 | D:9      | Found a basalt altar of Yredelemnul.
  9327 | D:9      | Found a radiant altar of Vehumet.
  9327 | D:9      | Found a sacrificial altar of Ru.
  9336 | D:9      | Found an opulent altar of Gozag.
  9338 | D:9      | Found a broken altar of Ashenzari.
  9340 | D:9      | Found an iron altar of Okawaru.
  9435 | D:9      | Found Joamiadeu's Magic Scroll Shoppe.
  9439 | D:9      | Bought a scroll of identify for 26 gold pieces
  9532 | D:9      | Found a staircase to the Orcish Mines.
  9648 | D:10     | Entered Level 10 of the Dungeon
  9653 | D:10     | Noticed a two-headed ogre
  9662 | D:10     | Killed a two-headed ogre
  9662 | D:10     | Reached **** piety under Okawaru
  9917 | D:10     | Found a flagged portal.
  9936 | Bailey   | Entered a bailey
 10104 | Bailey   | Received a gift from Okawaru
 10125 | Bailey   | Found a bloodstained altar of Trog.
 10450 | D:10     | Reached XP level 11. HP: 81/84 MP: 22/22
 10522 | D:10     | Found a staircase to the Lair.
 10549 | D:10     | Reached ***** piety under Okawaru
 10724 | D:10     | Reached skill level 5 in Conjurations
 10724 | D:10     | Reached skill level 5 in Hexes
 10724 | D:10     | Reached skill level 5 in Summonings
 10724 | D:10     | Reached skill level 5 in Necromancy
 10724 | D:10     | Reached skill level 5 in Transmutations
 10724 | D:10     | Reached skill level 5 in Fire Magic
 10724 | D:10     | Reached skill level 5 in Ice Magic
 10724 | D:10     | Reached skill level 5 in Air Magic
 10724 | D:10     | Reached skill level 5 in Earth Magic
 10724 | D:10     | Reached skill level 5 in Poison Magic
 10942 | D:11     | Noticed Psyche
 10942 | D:11     | Received a gift from Okawaru
 10948 | D:11     | Killed Psyche
 10949 | D:11     | Reached skill level 8 in Spellcasting
 11205 | D:11     | Received a gift from Okawaru
 11263 | D:11     | Noticed a six-headed hydra
 11311 | D:10     | Killed a six-headed hydra
 11311 | D:10     | Received a gift from Okawaru
 11312 | D:10     | Got a fine morningstar {god gift}
 11318 | D:10     | Identified the +4 morningstar of Hubris {venom, Int+3}
                  | (Okawaru gifted it to you on level 10 of the Dungeon)
 11813 | D:11     | Noticed a seven-headed hydra
 11833 | D:11     | Killed a seven-headed hydra
 11846 | D:11     | Noticed a two-headed ogre
 11855 | D:11     | Killed a two-headed ogre
 12057 | D:12     | Noticed a skeletal warrior
 12057 | D:12     | Noticed a skeletal warrior
 12057 | D:12     | Noticed a skeletal warrior
 12057 | D:12     | Noticed a skeletal warrior
 12105 | Orc:1    | Entered Level 1 of the Orcish Mines
 12389 | Orc:1    | Noticed an orc knight
 12434 | Lair:1   | Entered Level 1 of the Lair of Beasts
 12463 | Lair:1   | Found a gate leading to a gauntlet.
 12489 | Gauntlet | Entered a Gauntlet
 12489 | Gauntlet | Found a large runed translucent door.
 12489 | Gauntlet | Found a large runed translucent door.
 12489 | Gauntlet | Found a large runed translucent door.
 12489 | Gauntlet | Found a large runed translucent door.
 12489 | Gauntlet | Found a large runed translucent door.
 12489 | Gauntlet | Found a large runed translucent door.
 12489 | Gauntlet | Found a large runed translucent door.
 12489 | Gauntlet | Found a large runed translucent door.
 12489 | Gauntlet | Found a runed translucent door.
 12489 | Gauntlet | Found a runed translucent gate.
 12489 | Gauntlet | Found a transporter.
 12489 | Gauntlet | Found a transporter.
 12489 | Gauntlet | Found a runed translucent gate.
 12489 | Gauntlet | Found a transporter.
 12489 | Gauntlet | Noticed a moth of wrath
 12489 | Gauntlet | Noticed a spectral death yak
 12489 | Gauntlet | Noticed a death scarab
 12490 | Gauntlet | Found a transporter.
 12490 | Gauntlet | Noticed a death scarab
 12493 | Gauntlet | Found a transporter.
 12496 | Gauntlet | Noticed a brown ugly thing
 12499 | Gauntlet | Noticed a great orb of eyes
 12500 | Gauntlet | Noticed a tengu warrior
 12503 | Gauntlet | Found a transporter.
 12518 | Gauntlet | Found a transporter.
 12525 | Gauntlet | Found a transporter.
 12543 | Gauntlet | Found a transporter.
 12548 | Gauntlet | Noticed a queen ant
 12551 | Gauntlet | Found a transporter.
 12568 | Gauntlet | Found a transporter.
 12591 | Gauntlet | Found a runed translucent door.
 12592 | Gauntlet | Found a large runed translucent door.
 12592 | Gauntlet | Found a large runed translucent door.
 12592 | Gauntlet | Found a large runed translucent door.
 12592 | Gauntlet | Found a large runed translucent door.
 12593 | Gauntlet | Found a large runed translucent door.
 12593 | Gauntlet | Found a large runed translucent door.
 12594 | Gauntlet | Found a large runed translucent door.
 12594 | Gauntlet | Found a large runed translucent door.
 12603 | Gauntlet | Found a runed translucent gate.
 12625 | Gauntlet | Found a transporter.
 12695 | Gauntlet | Killed a moth of wrath
 12696 | Gauntlet | Reached XP level 12. HP: 72/94 MP: 11/24
 12909 | Gauntlet | Killed a queen ant
 13010 | Gauntlet | Paralysed by a hornet for 3 turns
 13020 | Gauntlet | Received a gift from Okawaru
 13096 | Gauntlet | Killed a tengu warrior
 13153 | Gauntlet | Identified the +6 hand crossbow of Subjectivity {vorpal,
                  | rC+ Dex+2}
 13153 | Gauntlet | Noticed a minotaur
 13165 | Gauntlet | Killed a minotaur
 13267 | Lair:1   | Reached skill level 9 in Spellcasting
 13309 | Lair:1   | Noticed an eight-headed hydra
 13318 | Lair:1   | Killed an eight-headed hydra
 13604 | Lair:1   | Received a gift from Okawaru
 13699 | Lair:1   | Found a transporter.
 13711 | Lair:1   | Found a transporter.
 13712 | Lair:1   | Found the +2 Maxwell's thermic engine {flame, freeze}
 13752 | Lair:2   | Noticed a five-headed hydra
 14364 | Lair:1   | Received a gift from Okawaru
 14365 | Lair:1   | Reached XP level 13. HP: 79/101 MP: 16/26
 14956 | Lair:1   | Got a pair of twisted boots
 14986 | Lair:1   | Identified the +1 pair of boots "Qyddi Etun" {+Fly rC+
                  | Int-4} (You found it on level 1 of the Lair of Beasts)
 15097 | Lair:2   | Reached skill level 10 in Spellcasting
 15128 | Lair:2   | Received a gift from Okawaru
 15129 | Lair:2   | Got an encrusted dagger {god gift}
 15445 | Lair:1   | Identified the +6 dagger of Purpose {freeze, +Inv rF- Int+9
                  | Dex+3} (Okawaru gifted it to you on level 2 of the Lair of
                  | Beasts)
 15746 | Lair:2   | Found a runed translucent gate.
 15746 | Lair:2   | Found a runed translucent gate.
 15746 | Lair:2   | Found a runed translucent gate.
 15754 | Lair:2   | Noticed Jonaruho's ghost (journeyman DECj)
 15888 | Lair:2   | Killed Jonaruho's ghost
 15888 | Lair:2   | Received a gift from Okawaru
 16769 | D:9      | Bought a scroll of immolation for 45 gold pieces
 16769 | D:9      | Bought a scroll of summoning for 123 gold pieces
 16769 | D:9      | Bought a scroll of torment for 97 gold pieces
 16769 | D:9      | Bought a scroll of fog for 26 gold pieces
 16769 | D:9      | Bought a scroll of enchant armour for 97 gold pieces
 16769 | D:9      | Bought a scroll of teleportation for 39 gold pieces
 16769 | D:9      | Bought a scroll of blinking for 97 gold pieces
 17059 | Lair:3   | Found a staircase to the Shoals.
 17462 | Lair:3   | Reached skill level 11 in Spellcasting
 17795 | Lair:3   | Reached XP level 14. HP: 109/109 MP: 16/29
 17803 | Lair:3   | Reached skill level 10 in Fighting
 17803 | Lair:3   | Reached skill level 10 in Maces & Flails
 17803 | Lair:3   | Reached skill level 10 in Dodging
 18094 | Lair:4   | Found a staircase to the Snake Pit.
 18208 | Lair:4   | Received a gift from Okawaru
 18692 | Lair:4   | Reached skill level 10 in Invocations
 19106 | Lair:5   | Received a gift from Okawaru
 19392 | Lair:5   | Reached ****** piety under Okawaru
 19933 | Lair:5   | Reached skill level 12 in Spellcasting
 20062 | Lair:6   | Entered Level 6 of the Lair of Beasts
 20069 | Lair:6   | Found a staircase to the Slime Pits.
 20069 | Lair:6   | Found a viscous altar of Jiyva.
 20398 | Lair:6   | Reached skill level 10 in Throwing
 20398 | Lair:6   | Reached skill level 10 in Armour
 20775 | Lair:6   | Received a gift from Okawaru
 20781 | Lair:6   | Reached XP level 15. HP: 117/117 MP: 24/31
 20831 | Lair:6   | Learned a level 1 spell: Apportation
 21053 | Lair:6   | Found a large runed translucent door.
 21053 | Lair:6   | Found a large runed translucent door.
 21065 | Lair:6   | Reached skill level 10 in Translocations
 21481 | Lair:6   | Reached skill level 10 in Short Blades
 21481 | Lair:6   | Reached skill level 10 in Long Blades
 21481 | Lair:6   | Reached skill level 10 in Axes
 21481 | Lair:6   | Reached skill level 10 in Polearms
 21481 | Lair:6   | Reached skill level 10 in Staves
 21481 | Lair:6   | Reached skill level 10 in Slings
 21481 | Lair:6   | Reached skill level 10 in Bows
 21481 | Lair:6   | Reached skill level 10 in Crossbows
 21481 | Lair:6   | Reached skill level 10 in Stealth
 21481 | Lair:6   | Reached skill level 10 in Shields
 21481 | Lair:6   | Reached skill level 10 in Unarmed Combat
 21481 | Lair:6   | Reached skill level 10 in Evocations
 22673 | Orc:2    | Entered Level 2 of the Orcish Mines
 22702 | Orc:2    | Found Aptam's Gadget Boutique.
 23136 | Orc:2    | Found Simuvvo's Weapon Emporium.
 23136 | Orc:2    | Found Suahodgh's Magic Scroll Shoppe.
 23136 | Orc:2    | Found Yfafror's Gadget Emporium.
 23146 | Orc:2    | Received a gift from Okawaru
 23171 | Orc:2    | Got a spiked hat {god gift}
 23174 | Orc:2    | Found Plog's Armour Shoppe.
 23189 | Orc:2    | Identified the +0 hat of Alanyad {Str+2} (Okawaru gifted it
                  | to you on level 2 of the Orcish Mines)
 23296 | Orc:2    | Found a staircase to the Elven Halls.
 23315 | Orc:2    | Found Innamoji's Magic Scroll Shoppe.
 23323 | Orc:2    | Bought a scroll of identify for 32 gold pieces
 23323 | Orc:2    | Bought a scroll of fog for 32 gold pieces
 23323 | Orc:2    | Bought a scroll of identify for 32 gold pieces
 23340 | Orc:2    | Reached skill level 13 in Spellcasting
 23362 | Orc:2    | Found a runed translucent door.
 23364 | Orc:2    | Noticed OdinFK's ghost (journeyman FeEn)
 23632 | Orc:2    | Noticed an orc warlord
 23643 | Orc:2    | Killed an orc warlord
 23766 | Orc:2    | Killed OdinFK's ghost
 23821 | Orc:2    | Bought 7 boomerangs for 56 gold pieces
 23823 | Orc:2    | Bought a scroll of teleportation for 51 gold pieces
 23823 | Orc:2    | Bought a scroll of magic mapping for 59 gold pieces
 23823 | Orc:2    | Bought a scroll of identify for 34 gold pieces
 23824 | Orc:2    | Bought a scroll of blinking for 127 gold pieces
 23825 | Orc:2    | Bought the +3 hat of Pondering {ponderous, Will+ MP+10
                  | Int+5} for 495 gold pieces
 23825 | Orc:2    | Found the +3 hat of Pondering {ponderous, Will+ MP+10
                  | Int+5}
 23857 | Orc:2    | Bought a scroll of enchant weapon for 120 gold pieces
 23857 | Orc:2    | Bought a scroll of blinking for 120 gold pieces
 24187 | D:12     | You are sucked into a shaft and drop 2 floors!
 24938 | D:12     | Reached XP level 16. HP: 107/125 MP: 33/33
 25178 | D:12     | Identified a scroll of acquirement
 25305 | D:13     | Received a gift from Okawaru
 25395 | D:13     | Found a gate to the Vaults.
 25448 | D:13     | Received a gift from Okawaru
 26288 | D:14     | Found a runed translucent gate.
 26290 | D:14     | Found a runed translucent gate.
 26291 | D:14     | Found a runed translucent gate.
 26292 | D:14     | Noticed Lityrpha's ghost (journeyman GnWn)
 26293 | D:14     | Noticed Jaliuk's ghost (journeyman DECj)
 26293 | D:14     | Noticed Qagistoc's ghost (journeyman TrHu)
 26408 | D:14     | Killed Lityrpha's ghost
 26408 | D:14     | Received a gift from Okawaru
 26423 | D:14     | Killed Qagistoc's ghost
 26437 | D:14     | Killed Jaliuk's ghost
 26500 | D:15     | Entered Level 15 of the Dungeon
 26563 | D:15     | Received a gift from Okawaru
 26584 | D:15     | Got a wavering silver ring
 26608 | D:15     | Identified the ring of Mistrust {Ice rPois Stlth+} (You
                  | found it on level 15 of the Dungeon)
 26652 | D:15     | Found an iron altar of Okawaru.
 26753 | D:15     | Noticed Jorgrun
 26763 | D:15     | Killed Jorgrun
 26764 | D:15     | Reached skill level 14 in Spellcasting
 26803 | D:15     | Got a wavering tin ring
 26805 | D:15     | Identified the ring of Tiosur {Ice +Inv Will+ Slay-2} (You
                  | found it on level 15 of the Dungeon)
 26821 | D:15     | Found a glowing golden altar of the Shining One.
 27044 | D:15     | Got a steaming golden ring
 27045 | D:15     | Identified the ring of Qod Tir {Ice rPois} (You found it on
                  | level 15 of the Dungeon)
 27091 | D:15     | Found a glowing golden altar of the Shining One.
 27330 | D:15     | Received a gift from Okawaru
 27432 | D:15     | Found a transporter.
 27485 | D:15     | Reached XP level 17. HP: 44/133 MP: 29/35
 27489 | D:15     | Received a gift from Okawaru
 27539 | D:15     | Found a staircase to the Depths.
 27945 | D:15     | Found a transporter.
 28106 | D:15     | Noticed Josephine
 28191 | D:15     | Killed Josephine
 28778 | Snake:1  | Entered Level 1 of the Snake Pit
 29692 | Snake:1  | Received a gift from Okawaru
 29763 | Snake:1  | Found Etiwneon's Assorted Antiques.
 29763 | Snake:1  | Found Vesatz's Assorted Antiques.
 29793 | Snake:1  | Bought a potion of curing for 93 gold pieces
 29799 | Snake:1  | Bought a scroll of identify for 64 gold pieces
 30004 | Snake:1  | Found Ratemusa's Antique Weapon Boutique.
 30159 | Snake:2  | Received a gift from Okawaru
 30240 | Snake:2  | Reached skill level 15 in Spellcasting
 30863 | Snake:2  | Reached skill level 10 in Conjurations
 30863 | Snake:2  | Reached skill level 10 in Hexes
 30863 | Snake:2  | Reached skill level 10 in Summonings
 30863 | Snake:2  | Reached skill level 10 in Necromancy
 30863 | Snake:2  | Reached skill level 10 in Transmutations
 30863 | Snake:2  | Reached skill level 10 in Fire Magic
 30863 | Snake:2  | Reached skill level 10 in Ice Magic
 30863 | Snake:2  | Reached skill level 10 in Air Magic
 30863 | Snake:2  | Reached skill level 10 in Earth Magic
 30863 | Snake:2  | Reached skill level 10 in Poison Magic
 31265 | Snake:3  | Received a gift from Okawaru
 32053 | Snake:4  | Entered Level 4 of the Snake Pit
 32053 | Snake:4  | Found Edualodeci's Antique Armour Boutique.
 32073 | Snake:4  | Found Kaeri's Distillery.
 32073 | Snake:4  | Found Bint's Distillery.
 32075 | Snake:4  | Found Obrojuz's Assorted Antiques.
 32256 | Snake:4  | Bought 2 potions of haste for 380 gold pieces
 32264 | Snake:4  | Bought 2 potions of haste for 360 gold pieces
 32276 | Snake:4  | Got a sheer robe
 32277 | Snake:4  | Identified the +1 robe of the Stonemason {+Inv Regen+
                  | Slay-4 SInv} (You found it on level 4 of the Snake Pit)
 32337 | Snake:4  | Reached XP level 18. HP: 88/142 MP: 32/37
 32343 | Snake:4  | Received a gift from Okawaru
 32355 | Snake:4  | Identified the +3 ring mail of Jehaegig {rCorr} (Okawaru
                  | gifted it to you on level 4 of the Snake Pit)
 32502 | Snake:4  | Found Ettuphoo's Gadget Shop.
 32559 | Snake:3  | HP: 6/142 [shock serpent (9)]
 32559 | Snake:3  | Mangled by a shock serpent

Illustrated notes

Levels and vault maps discovered:
D:1:      erik_arrival_blinker_ship, layout_basic
D:2:      layout_loops_corners, lemuel_round_altar, due_unseen_surprise,
          uniq_natasha, uniq_sigmund, uniq_crazy_yiuf_cottage
D:3:      layout_loops_ring, uniq_ijyb
D:4:      layout_cave_pods, temple_fountains, gammafunk_ghost_split
D:5:      layout_loops_ring
D:6:      layout_cave_pods, nicolae_overflow_crystal_walls, basic_altar,
          st_stairs_11, kennysheep_generic_room_2
D:7:      layout_loops_corners, grunt_decor_clamped,
          chequers_serial_rivers_micro_c, uniq_duvessa, uniq_menkaure
D:8:      layout_basic, serial_curves, eino_curves_03, eino_curves_02,
          serial_shops, shop, uniq_erica
D:9:      layout_stronghold, kennysheep_ying_yang,
          chequers_temple_overflow_minitemple, erik_orc_4, serial_shops,
          nicolae_shop_behind_doors
D:10:     layout_loops_ring, due_lair_maze_entry_diamond, enter_bailey_5
D:11:     layout_basic, uniq_psyche
D:12:     layout_roguey
D:13:     layout_roguey, david_vaults_4
D:14:     layout_cave_pods, gammafunk_ghost_cemetery
D:15:     hangedman_spin_cycle, serial_shops, uniq_jorgrun, uniq_josephine
Temple:   nicolae_temple_figure_eight
Lair:1:   gammafunk_cloud_chamber, layout_gridlike, gauntlet_entry_generic,
          infiniplex_staircase_pool_2
Lair:2:   layout_cave_shapes, ebering_ghost_rock_garden, nzn_random_ring,
          grunt_megastairs_4, serial_bayou_shore_b
Lair:3:   layout_cave_pods, shoals_dummy_entry
Lair:4:   layout_cave_pods, minmay_snake_entry_six_corridors
Lair:5:   cheibrodos_lair_overgrown_chateau, layout_loops_ring, worms_lemuel
Lair:6:   cheibrodos_lair_end_hotspot, layout_cave_pods, slime_altar_1,
          chequers_serial_rivers_room_a, cheibrodos_lair_lostbears
Snake:1:  layout_chambers, serial_shops, shop, grunt_ministairs_14,
          serial_bayou_pond_d, minmay_shoptagon
Snake:2:  cheibrodos_forgotten_conduit, layout_misc_corridors
Snake:3:  layout_honeycomb
Snake:4:  snake_pit, layout_chambers, serial_shops, nicolae_shop_waterfront,
          chequers_hall_statues_corner_a, minmay_shop_grid_forest, st_stairs_4,
          drop_trap
Orc:1:    layout_caves
Orc:2:    st_orc_mages, layout_caves, serial_shops, shop,
          nicolae_shop_competitors_out_of_business, ebering_ghost_inner_flame,
          minmay_orc_barracks

Skill      XL: |  1  2  3  4  5  6  7  8  9 10 11 12 13 14 15 16 17 |
---------------+----------------------------------------------------+-----
Spellcasting   | 5 6 7 8 9 11 12 13 14 15 | 15.4
Invocations    | 1 2 3 4 5 6 7 8 9 10 11 12 | 12.9
Short Blades   | 1 2 3 4 5 6 7 8 9 10 11 | 11.9
Long Blades    | 1 2 3 4 5 6 7 8 9 10 11 | 11.9
Axes           | 1 2 3 4 5 6 7 8 9 10 11 | 11.9
Polearms       | 1 2 3 4 5 6 7 8 9 10 11 | 11.9
Staves         | 1 2 3 4 5 6 7 8 9 10 11 | 11.9
Slings         | 1 2 3 4 5 6 7 8 9 10 11 | 11.9
Bows           | 1 2 3 4 5 6 7 8 9 10 11 | 11.9
Crossbows      | 1 2 3 4 5 6 7 8 9 10 11 | 11.9
Stealth        | 1 2 3 4 5 6 7 8 9 10 11 | 11.9
Shields        | 1 2 3 4 5 6 7 8 9 10 11 | 11.9
Unarmed Combat | 1 2 3 4 5 6 7 8 9 10 11 | 11.9
Evocations     | 1 2 3 4 5 6 7 8 9 10 11 | 11.9
Conjurations   | 1 2 3 4 5 6 7 8 9 10 | 10.2
Hexes          | 1 2 3 4 5 6 7 8 9 10 | 10.2
Summonings     | 1 2 3 4 5 6 7 8 9 10 | 10.2
Necromancy     | 1 2 3 4 5 6 7 8 9 10 | 10.2
Transmutations | 1 2 3 4 5 6 7 8 9 10 | 10.2
Fire Magic     | 1 2 3 4 5 6 7 8 9 10 | 10.2
Ice Magic      | 1 2 3 4 5 6 7 8 9 10 | 10.2
Air Magic      | 1 2 3 4 5 6 7 8 9 10 | 10.2
Earth Magic    | 1 2 3 4 5 6 7 8 9 10 | 10.2
Poison Magic   | 1 2 3 4 5 6 7 8 9 10 | 10.2
Throwing       | 3 4 5 6 7 8 9 10 11 12 | 12.2
Armour         | 3 4 5 6 7 8 9 10 11 12 | 12.2
Fighting       | 5 6 7 8 9 10 11 12 | 12.6
Maces & Flails | 5 6 7 8 9 10 11 12 | 12.6
Dodging        | 5 6 7 8 9 10 11 12 | 12.6
Translocations | 6 7 8 9 10 11 | 11.4

Action                   |  1- 3 |  4- 6 |  7- 9 | 10-12 | 13-15 | 16-18 || total
-------------------------+-------+-------+-------+-------+-------+-------++-------
Melee: Mace              |    59 |    97 |   236 |   158 |       |       ||   550
       Bite              |     6 |    11 |    43 |   106 |   136 |   163 ||   465
       Flail             |       |    32 |    15 |   124 |       |       ||   171
       Morningstar       |       |       |       |   235 |     2 |       ||   237
       Double sword      |       |       |       |       |   907 |   756 ||  1663
Throw: Stone             |       |    22 |     7 |       |       |       ||    29
       Dart              |       |     1 |     5 |    14 |    46 |     5 ||    71
       Throwing net      |       |       |     4 |     2 |       |       ||     6
       Boomerang         |       |       |     9 |    98 |   437 |   232 ||   776
 Cast: Blink             |     2 |     6 |     2 |    13 |     4 |     5 ||    32
       Magic Dart        |       |       |    13 |    10 |       |       ||    23
       Mephitic Cloud    |       |       |     3 |    26 |    19 |     2 ||    50
       Passage of Golubr |       |       |       |       |     1 |     1 ||     2
Invok: Heroism           |       |       |       |     6 |    10 |     4 ||    20
       Finesse           |       |       |       |     5 |     4 |     4 ||    13
 Abil: Evoke Flight      |       |       |       |     2 |       |       ||     2
Evoke: Wand              |       |     4 |    78 |     3 |    10 |       ||    95
       Phial of floods   |       |       |       |     1 |       |       ||     1
       Phantom mirror    |       |       |       |     1 |       |       ||     1
  Use: Potion            |       |     3 |       |     5 |       |     3 ||    11
       Scroll            |       |     5 |     9 |     9 |     9 |     7 ||    39
 Stab: Paralysed         |       |       |    10 |       |       |       ||    10
       Sleeping          |       |       |     5 |     3 |     5 |     6 ||    19
       Confused          |       |       |       |    32 |     5 |       ||    37
       Distracted        |       |       |       |     1 |       |       ||     1
Armor: Leather armour    |    12 |    30 |    50 |     4 |       |       ||    96
       Skin              |       |     7 |       |       |       |       ||     7
       Robe              |       |       |       |    69 |    93 |       ||   162
       Chain mail        |       |       |       |       |   116 |   266 ||   382
Dodge: Dodged            |    37 |    82 |   143 |   415 |   448 |   339 ||  1464
       Repelled          |       |       |       |     1 |       |       ||     1
Block: Buckler           |       |    11 |    43 |   101 |       |       ||   155
       Kite shield       |       |       |       |   131 |   580 |   513 ||  1224
       Rpst.: Double sword |       |       |       |       |    96 |    72 ||   168
